cohdb
Replays
Latest Replays
All Replays
Popular Replays
Top Player Replays
Match Explorer
How It Works
Community
CoH3 Stats
Reddit
Sign in to upload your games and track your stats! →
Sign in with Steam
Match 39458891
Unlisted
Match 39458891
Overview
Messages
Build Orders
End
Royal Engineer Section
Royal Engineer Section
Construct Section Command Post
Infantry Section
Infantry Section
Construct Platoon Command Post
Selects Canadian Shock Battlegroup
Selects Attacking Spirit
Selects Canadian Shock Section
Humber Armored Car
Selects Burnout
Construct Field Infirmary
Humber Armored Car
Selects Pyrotechnics
Construct Company Command Post
Foot Guards Section
Matilda II Heavy Tank
Unlock M3 Grant Medium Tanks
Infantry Training
Selects Churchill Crocodile Heavy Tank
Churchill Crocodile Heavy Tank
Burnout
Unlock Towed 17-pounder Anti-tank Guns
Grenade Package
17-pounder Anti-tank Gun Team
Royal Engineer Section
Matilda II Heavy Tank
ši£ėñ±4²5
PayPerPaper
0
0
Comments
sign in to comment!
No comments posted yet!